 Dungeon Sprint DCSS version 0.29-a0-284-gf9362112df (webtiles) character file.

Game seed: 17997228349117908375

140 mhtbhm the Spear-Bearer (level 5, 52/53 HPs)
             Began as a Minotaur Berserker on Mar 28, 2022.
             Was a Priest of Trog.
             Quit the game in the Dungeon (Sprint III: "The Ten Rune Challenge").
             The game lasted 00:00:21 (317 turns).

mhtbhm the Spear-Bearer (Minotaur Berserker)         Turns: 317, Time: 00:00:22

Health: 52/53      AC:  2    Str: 24    XL:     5   Next: 2%
Magic:  4/4        EV: 12    Int:  4    God:    Trog [***...]
Gold:   19         SH:  0    Dex:  9    Spells: 4/4 levels left

rFire   . . .      SeeInvis .   a - +0 spear
rCold   . . .      Faith    .   (no shield)
rNeg    . . .      Spirit   .   b - +0 animal skin
rPois   .          Reflect  .   (helmet restricted)
rElec   .          Harm     .   (no cloak)
rCorr   .          Rampage  .   (no gloves)
Will    .....      NoTele   +   (no boots)
Stlth   ++........              (no amulet)
HPRegen 0.17/turn               (no ring)
MPRegen 0.09/turn               (no ring)

@: no status effects
A: horns 2, retaliatory headbutt
a: Renounce Religion, Berserk, Trog's Hand


You were in the Dungeon.
You worshipped Trog.
Trog was most pleased with you.
You visited 1 branch You collected 19 gold pieces.

Inventory:

Hand Weapons
 a - a +0 spear (weapon)
Armour
 b - a +0 animal skin (worn)
Scrolls
 h - a scroll of blinking
 i - 3 scrolls of immolation {unknown}
 k - a scroll of fog {unknown}
 m - a scroll of identify {unknown}
Potions
 c - 4 potions of curing
 d - a potion of heal wounds
 e - a potion of haste
 f - 2 potions of magic
 g - 2 potions of berserk rage
 j - 2 potions of mutation {unknown}
 l - a potion of ambrosia {unknown}
 n - a potion of flight {unknown}


   Skills:
 + Level 7.8 Fighting
 + Level 8.3 Polearms
 + Level 4.2 Armour
 + Level 4.1 Dodging
 + Level 2.3 Stealth


You had 4 spell levels left.
You didn't know any spells.
Your spell library was empty.

Dungeon Overview and Level Annotations

Branches:
Dungeon (1/1)

Altars:


Innate Abilities, Weirdness & Mutations

You have a pair of horns on your head.
You reflexively headbutt those who attack you in melee.


Message History

You now have 19 gold pieces (gained 9).
There is an open door here.
You open the door.
A water elemental comes into view.
A red film seems to cover your vision as you go berserk!
You feel yourself moving faster!
You feel mighty!
You hit the water elemental.
Your headbutt misses the water elemental.
The water elemental is moderately damaged.
The water elemental hits you.
The water elemental engulfs you in water!
You closely miss the water elemental. You headbutt the water elemental!
The water elemental is heavily damaged.
Your lungs strain for air!
You puncture the water elemental!
The water elemental is almost destroyed.
Your lungs strain for air!
The water elemental hits you.
You puncture the water elemental!
You destroy the water elemental!
Trog accepts your kill.
You gasp with relief as air once again reaches your lungs.
Your Fighting skill increases to level 7!
Your Polearms skill increases to level 8!
Your Armour skill increases to level 4!
Your Dodging skill increases to level 4!
Your Stealth skill increases to level 2!
You have reached level 5!
There is an open door to the Ecumenical Temple here.
You start resting.
You feel a strong urge to attack something.
You start resting.
You feel your anger nearly subside.
You are no longer berserk.
You are exhausted.
You feel yourself slow down.
You start resting.
You feel yourself speed up.
You start resting.
You recover from your berserk rage.
Are you sure you want to abandon this character and quit the game? (Confirm with "yes".)

▓▓▓▓▓▓▓ ▓▓▓ ..#...####
##.# ..#......#####..#
.##.......#..#..#
#.##.##...#..#..###+#+##
#.##.###..##'#..#.......
.####.##..###...@.⌠.....
###..##..####...#...####
.....##..###....#.⌠.#
##..##...##.....#...#
#..##....#......#+###
..###..##.#.....# ..#
#..#####....# ▓▓▓ ▓▓▓▓
▓▓▓▓▓▓


There were no monsters in sight!

Vanquished Creatures
  A water elemental (D)
  A scorpion (D)
  A human (D)
  An endoplasm (D)
  3 rats (D)
7 creatures vanquished.

Notes
Turn   | Place    | Note
-------+----------+-------------------------------------------
     0 | D        | mhtbhm the Minotaur Berserker began the quest for the Orb.
     0 | D        | Reached XP level 1. HP: 19/19 MP: 0/0
    13 | D        | Reached skill level 4 in Polearms
    29 | D        | Reached ** piety under Trog
    47 | D        | Noticed a scorpion
    53 | D        | Killed a scorpion
    54 | D        | Reached skill level 6 in Polearms
    54 | D        | Reached skill level 1 in Stealth
    54 | D        | Reached XP level 2. HP: 21/31 MP: 1/1
    54 | D        | Reached XP level 3. HP: 26/38 MP: 2/2
    57 | D        | Reached skill level 7 in Polearms
    57 | D        | Reached XP level 4. HP: 20/45 MP: 3/3
   269 | D        | Noticed a water elemental
   274 | D        | Killed a water elemental
   274 | D        | Reached *** piety under Trog
   275 | D        | Reached skill level 8 in Polearms
   275 | D        | Reached XP level 5. HP: 53/53 MP: 4/4
   317 | D        | Quit the game

Illustrated notes

Levels and vault maps discovered:
D:        dungeon_sprint_mu [sprint_mu_entry_cave, sprint_mu_temple_rooms,
          sprint_mu_d1_horrors, sprint_mu_d2_genie, sprint_mu_d3_branching,
          sprint_mu_orc_legion, sprint_mu_elf_gauntlet, sprint_mu_hive_nellie,
          sprint_mu_lair_fedhas, sprint_mu_vaults_butterflies,
          sprint_mu_slime_circle, sprint_mu_shoals_kraken,
          sprint_mu_snake_twists, sprint_mu_blade_basic,
          sprint_mu_crypt_fortress, sprint_mu_tomb_spiral,
          sprint_mu_vestibule_basic, sprint_mu_gehenna_hellfire,
          sprint_mu_dis_giant, sprint_mu_tartarus_statrot,
          sprint_mu_cocytus_islands, sprint_mu_zot1]

Skill      XL: |  1  2  3  4 |
---------------+-------------+-----
Fighting       | 6 7 |  7.8
Polearms       | 6 7 8 |  8.3
Armour         | 3 4 |  4.2
Dodging        | 3 4 |  4.1
Stealth        | 1 2 |  2.3

Action                   |  1- 3 |  4- 6 || total
-------------------------+-------+-------++-------
Melee: Spear             |    14 |     4 ||    18
       Headbutt          |     1 |     1 ||     2
Invok: Berserk           |     1 |     1 ||     2
 Stab: Sleeping          |     2 |       ||     2
Dodge: Dodged            |     1 |       ||     1

Table legend: (Time is in decaauts)
 A = Elapsed time spent in this place.
 B = Non-inter-level travel time spent in this place.
 C = Inter-level travel time spent in this place.
 D = Time resting spent in this place.
 E = Time spent auto-exploring this place.
 F = Levels seen in this place.
 G = Mean time per level.
                   A        B        C        D        E       F      G
               +--------+--------+--------+--------+--------+-----+--------+
         Total |    335 |    335 |      0 |    255 |     31 |   1 |  335.0 |
       Dungeon |    335 |    335 |      0 |    255 |     31 |   1 |  335.0 |
               +--------+--------+--------+--------+--------+-----+--------+

Top non-repeatable levels by time:
       D: 335 daAuts
